 Dungeon Crawl Stone Soup version 0.30.1-4-g462c640d31 (webtiles) character file.

Game seed: 15871655881067602124

87 wingedge the Grasshopper (level 4, -2/37 HPs)
             Began as a Demigod Wanderer on Sept 13, 2023.
             Slain by a gnoll bouda
             ... wielding a +0 club
              (3 damage)
             ... on level 4 of the Dungeon.
             The game lasted 00:08:36 (1168 turns).

wingedge the Grasshopper (Demigod Wanderer)         Turns: 1168, Time: 00:08:37

Health: -2/37      AC:  3    Str: 14    XL:     4   Next: 7%
Magic:  2/9        EV: 11    Int: 18    God:
Gold:   22         SH:  5    Dex: 12    Spells: 1/6 levels left

rFire   . . .        a - +2 mace (protect)
rCold   . . .        (no shield)
rNeg    . . .        m - +0 robe
rPois   .            (no helmet)
rElec   .            (no cloak)
rCorr   .            (no gloves)
SInv    .            l - +0 pair of boots
Will    .....        d - amulet of reflection
Stlth   +            (no ring)
HPRegen 0.26/turn    (no ring)
MPRegen 0.11/turn

%: reflection
@: silenced, immotile
A: high MP 1, forlorn, divine attributes
a: no special abilities


You were on level 4 of the Dungeon.
You visited 1 branch of the dungeon, and saw 3 of its levels.

You collected 22 gold pieces.

Inventory:

Hand Weapons
 a - a +2 mace of protection (weapon)
 b - a +0 falchion of draining
 c - a +0 dagger
Armour
 l - a +0 pair of boots (worn)
 m - a +0 robe (worn)
Jewellery
 d - an amulet of reflection (around neck)
Scrolls
 e - a scroll of enchant weapon {unknown}
 f - a scroll of identify {unknown}
 h - a scroll of poison {unknown}
 j - a scroll of noise {unknown}
 k - a scroll of silence
Potions
 i - a potion of invisibility {unknown}


   Skills:
 + Level 2.6 Fighting
 - Level 1.0 Throwing
 - Level 1.0 Stealth
 + Level 1.9 Spellcasting
 + Level 1.7 Conjurations
 - Level 2.0 Hexes
 - Level 2.6 Translocations
 - Level 1.0 Evocations


You had one spell level left.
You knew the following spells:

 Your Spells              Type           Power      Damage    Failure   Level
a - Slow                  Hex            32%        N/A       9%          1
b - Momentum Strike       Conj/Tloc      18%        3d8       11%         2
c - Blink                 Tloc           22%        N/A       10%         2

Your spell library contained the following spells:

 Spells                   Type           Power      Damage    Failure   Level
 Ensorcelled Hibernation  Hex/Ice        10%        N/A       19%         2
 Dazzling Flash           Conj/Hex       16%        N/A       26%         3


Dungeon Overview and Level Annotations

Branches:
Dungeon (2/15)

Shops:
D:1 [[


Innate Abilities, Weirdness & Mutations

You have an increased reservoir of magic. (+10% MP)
You shall have no god before yourself.
Your divine heritage dramatically boosts your attributes as you level up.


Message History

Aim: a gnoll, wielding a +0 flail (covering ground quickly, chance to affect: 50%)
The gnoll resists with some effort.
You closely miss the gnoll bouda.
The gnoll bouda is severely wounded.
Your attacks no longer feel as feeble.
You are no longer robbed of momentum.
A gnoll comes into view. It is wielding a +0 spear.
The gnoll bouda hits you with a +0 club.
The gnoll closely misses you. The gnoll attacks as you move away!
The gnoll hits you with a +0 flail!
The gnoll bouda prays to its god.
The gnoll bouda is healed somewhat.
You hit the gnoll.
Your weapon exudes an aura of protection.
The gnoll is heavily wounded.
The gnoll is no longer moving quickly.
The gnoll hits you with a +0 flail! The gnoll attacks as you move away!
The gnoll hits you with a +0 flail. You block the gnoll's attack.
Items here: ) †††.
You closely miss the gnoll.
The gnoll is heavily wounded.
The gnoll bouda looks more healthy.
The gnoll is no longer moving quickly. x2
Casting: Slow (safe; 9% risk of failure)
Confirm with . or Enter, or press ? or * to list all spells.
Aiming: Momentum Strike (safe; 12% risk of failure)
Press: ? - help, Dir - move target, f/p - gnoll
Aim: a gnoll, wielding a +0 flail (heavily wounded, 72% to hit)
The concentrated momentum hits the gnoll!
You kill the gnoll!
You are unable to move.
The gnoll bouda hits you with a +0 club!
* * * LOW HITPOINT WARNING * * *
Training target 1.0 for Throwing reached!
Your Throwing skill increases to level 1!
You have reached level 4!
As you read the scroll of silence, it crumbles to dust.
A profound silence engulfs you.
The gnoll hits you from afar with a +0 spear.
* * * LOW HITPOINT WARNING * * *
The gnoll bouda hits you with a +0 club.
You die...

#....#...##
#.≈..#...#
#(.≈.#...#
#....#...#
######...#
#.#...### #.#.#.#
≈((#.#######.#.#.#
######
.).(..ggg@.....#.#
#.....
..##...######....#
#..... .......
###..>.# #(....
...$#..
#......####.....
... ...
......#..........
.. ...#
......#.####.....
. .... ###.#.#.#
...... .....
#...... ....(.. .
.##..###.....


You could see a gnoll bouda and 2 gnolls.

Vanquished Creatures
  3 adders
  2 gnolls
  2 dart slugs
  2 orcs (D:4)
  2 endoplasms
  4 giant cockroaches (D:1)
  3 goblins
  4 hobgoblins
  2 jackals (D:4)
  A quokka (D:1)
  3 bats
  2 frilled lizards (D:1)
  2 kobolds (D:1)
  6 rats
38 creatures vanquished.

Notes
Turn   | Place    | Note
-------+----------+-------------------------------------------
     0 | D:1      | wingedge the Demigod Wanderer began the quest for the Orb.
     0 | D:1      | wingedge set off with the following items: a +0 dagger, a
                  | scroll of silence, a +0 robe, a potion of curing; and the
                  | following spell memorised: Slow; and the following spells
                  | available to memorise: Blink, Momentum Strike, Ensorcelled
                  | Hibernation, Dazzling Flash.
     0 | D:1      | Reached XP level 1. HP: 17/17 MP: 4/4
   295 | D:1      | Reached XP level 2. HP: 24/24 MP: 4/6
   346 | D:1      | HP: 1/24 [kobold/+0 dagger (2)]
   442 | D:1      | Found Boipule's Armour Shoppe.
   470 | D:1      | Reached skill level 1 in Conjurations
   690 | D:1      | Reached XP level 3. HP: 27/30 MP: 7/7
   707 | D:1      | Learned a level 2 spell: Momentum Strike
   710 | D:1      | Learned a level 2 spell: Blink
   794 | D:1      | Found Neuvae's Antique Armour Emporium.
  1007 | D:2      | You fall into a shaft and drop 2 floors!
  1168 | D:4      | Reached skill level 1 in Throwing
  1168 | D:4      | Reached XP level 4. HP: 4/37 MP: 2/9
  1168 | D:4      | HP: 1/37 [gnoll/+0 spear[a gnoll bouda] (3)]
  1168 | D:4      | Slain by a gnoll bouda

Illustrated notes

Levels and vault maps discovered:
D:1:      lemuel_arrival_behind_the_door_small, layout_rooms, serial_shops,
          nicolae_shop_real_fake_doors, nicolae_shop_scrapyard
D:2:      layout_rooms, serial_glass, glass_columns_a, glass_columns_c,
          ebering_ecumenical_altar_abandoned
D:4:      cheibrodos_barr_body, layout_rooms, nicolae_elyvilon_peaceful_grove,
          nicolae_kite_square_tiling_tiny, kennysheep_generic_room_14

Skill      XL: |  1  2  3 |
---------------+----------+-----
Fighting       | 2 |  2.6
Hexes          | 2 |  2.0
Conjurations   | 1 |  1.7
Throwing       | 1 |  1.0
Stealth        | |  1.0
Spellcasting   | |  1.9
Translocations | |  2.6
Evocations     | |  1.0

Action                     |  1- 3 |  4- 6 || total
---------------------------+-------+-------++-------
  Melee: Dagger            |    46 |       ||    46
         Punch             |     1 |       ||     1
         Spear             |    41 |       ||    41
         Mace              |    39 |       ||    39
  Throw: Dart              |    26 |       ||    26
   Cast: Slow              |    13 |       ||    13
         Momentum Strike   |     6 |       ||     6
    Use: Potion            |     1 |       ||     1
         Scroll            |       |     1 ||     1
   Stab: Sleeping          |     2 |       ||     2
 Armour: Robe              |    45 |       ||    45
  Dodge: Dodged            |    64 |       ||    64
  Block: Other             |     9 |       ||     9
